 Dungeon Crawl Stone Soup version 0.21-a0-361-g4efd3f9 (webtiles) character file.

59 tidbits the Charmwright (level 4, 38/38 HPs)
             Began as a Gnoll Skald on Oct 13, 2017.
             Quit the game on level 2 of the Dungeon.
             The game lasted 00:04:43 (767 turns).

tidbits the Charmwright (Gnoll Skald)                Turns: 767, Time: 00:04:44

Health: 38/38      AC:  3    Str: 13    XL:     4   Next: 3%
Magic:  11/11      EV: 14    Int: 17    God:
Gold:   40         SH:  0    Dex: 14    Spells: 2/13 levels left

rFire    + + .     SeeInvis .   a - +0 hand axe (curse)
rCold    . . .     Gourm    .   (no shield)
rNeg     . . .     Faith    .   b - +0 leather armour
rPois    .         Spirit   .   (no helmet)
rElec    .         Reflect  .   (no cloak)
rCorr    .         Harm     .   (no gloves)
MR       .....                  (no boots)
Stlth    +.........             (no amulet)
HPRegen  0.12/turn              f - ring of protection from fire
MPRegen  0.12/turn              j - ring of protection from fire

@: no status effects
A: distributed training, fangs 1, strong nose
a: no special abilities


You were on level 2 of the Dungeon.
You were not hungry.

You visited 1 branch of the dungeon, and saw 2 of its levels.

You collected 40 gold pieces.

Inventory:

Hand Weapons
 a - a cursed +0 hand axe (weapon)
 h - a +0 hand axe
 o - a +2 dagger of draining
   (You found it on level 2 of the Dungeon)
Missiles
 r - 26 arrows
 s - 19 stones (quivered)
Armour
 b - a +0 leather armour (worn)
Jewellery
 f - a ring of protection from fire (left hand)
   (You found it on level 2 of the Dungeon)
 j - a ring of protection from fire (right hand)
   (You found it on level 1 of the Dungeon)
Scrolls
 e - 2 scrolls of identify
 k - 2 scrolls of remove curse
 l - 2 scrolls of enchant armour {unknown}
 p - a scroll of magic mapping {unknown}
Potions
 i - a potion of flight
Books
 c - a book of Battle

   Spells                             Type                      Level
   a - Infusion                       Charms                       1
   b - Shroud of Golubria             Charms/Translocation         2
   c - Song of Slaying                Charms                       2
   d - Spectral Weapon                Hexes/Charms                 3
   e - Regeneration                   Charms/Necromancy            3
Comestibles
 d - 2 bread rations
 g - a royal jelly
 n - 4 fruits
 q - a meat ration


   Skills:
 + Level 4.6 Fighting
 + Level 1.0 Short Blades
 + Level 1.0 Long Blades
 + Level 4.6 Axes
 + Level 1.0 Maces & Flails
 + Level 1.0 Polearms
 + Level 1.0 Staves
 + Level 1.0 Slings
 + Level 1.0 Bows
 + Level 1.0 Crossbows
 + Level 1.0 Throwing
 + Level 2.7 Armour
 + Level 4.6 Dodging
 + Level 1.0 Stealth
 + Level 1.0 Shields
 + Level 1.0 Unarmed Combat
 + Level 5.0 Spellcasting
 + Level 0.7 Conjurations
 + Level 0.7 Hexes
 + Level 5.4 Charms
 + Level 0.7 Summonings
 + Level 0.7 Necromancy
 + Level 0.7 Translocations
 + Level 0.7 Transmutations
 + Level 0.7 Fire Magic
 + Level 0.7 Ice Magic
 + Level 0.7 Air Magic
 + Level 0.7 Earth Magic
 + Level 0.7 Poison Magic
 + Level 1.1 Invocations
 + Level 1.0 Evocations


You had 2 spell levels left.
You knew the following spells:

 Your Spells              Type           Power        Failure   Level  Hunger
g - Shroud of Golubria    Chrm/Tloc      ##........   8%          2    #......
i - Infusion              Chrm           ###.         1%          1    None
r - Regeneration          Chrm/Necr      ##........   16%         3    ###....
w - Spectral Weapon       Hex/Chrm       ##......     16%         3    ###....
y - Song of Slaying       Chrm           ###.....     2%          2    #......


Dungeon Overview and Level Annotations

Branches:
Dungeon (2/15)

Altars:


Innate Abilities, Weirdness & Mutations

Your experience applies equally to all skills.
You have very sharp teeth.
Your uncanny sense of smell can sniff out nearby items.


Message History

You barely miss the adder.
The adder is severely wounded.
The adder closely misses you. The adder misses you.
You closely miss the adder.
The adder is severely wounded.
The adder closely misses you.
You closely miss the adder.
The adder is severely wounded.
The adder barely misses you. x2
You closely miss the adder.
The adder is severely wounded.
Your song is almost over.
The adder misses you.
You barely miss the adder.
The adder is severely wounded.
Your spectral weapon fades away.
The adder bites you.
You barely miss the adder.
The adder is severely wounded.
The adder bites you. x2
You slash the adder!
You kill the adder!
Your Short Blades skill increases to level 1!
Your Long Blades skill increases to level 1!
Your Maces & Flails skill increases to level 1!
Your Polearms skill increases to level 1!
Your Staves skill increases to level 1!
Your Slings skill increases to level 1!
Your Bows skill increases to level 1!
Your Crossbows skill increases to level 1!
Your Throwing skill increases to level 1!
Your Stealth skill increases to level 1!
Your Shields skill increases to level 1!
Your Unarmed Combat skill increases to level 1!
Your Evocations skill increases to level 1!
Unknown command.
Your song has ended.
A kobold comes into view.
The kobold shouts!
Found a scroll labeled KUWUOD PECVEE.
A hobgoblin comes into view. It is wielding a club.
p - a scroll labeled KUWUOD PECVEE
There are no items here.
Casting: Song of Slaying
Confirm with . or Enter, or press ? or * to list all spells.
You draw out your weapon's spirit!
You hit the kobold.
The kobold is moderately wounded.
Your spectral weapon misses the kobold.
The kobold closely misses you.
You closely miss the kobold.
The kobold is moderately wounded.
Your spectral weapon closely misses the kobold.
The kobold hits you.
You hit the kobold.
You kill the kobold!
You have reached level 4!
You feel clever.
Casting: Spectral Weapon
Confirm with . or Enter, or press ? or * to list all spells.
You start singing a song of slaying.
The hobgoblin barely misses you.
You slash the hobgoblin!
You kill the hobgoblin!
Things that are here:
a club; a hobgoblin corpse
Found a meat ration.
Found 3 gold pieces.
Your spectral weapon fades away.
You now have 40 gold pieces (gained 3).
Your song is almost over.
q - a meat ration Your song has ended.
Found 26 arrows.
You see here 26 arrows.
r - 26 arrows
Found a club.
Found a stone staircase leading up.
Found 19 stones.
There is a stone staircase leading up here.
You see here 19 stones.
s - 19 stones
There is a stone staircase leading up here.
You climb upwards.
There is a stone staircase leading down here.
Found a club.
There is a stone staircase leading down here.
You climb downwards.
There is a stone staircase leading up here.
All of the chunks of flesh in your inventory have rotted away.
There is a stone staircase leading up here.
Found a dagger.
You see here a dagger.
Found a hand axe.
Found a stone staircase leading down.
A hobgoblin comes into view. It is wielding a club.
The hobgoblin shouts!
There is a stone staircase leading down here.
Found a robe.
You see here a robe.
A hobgoblin is nearby!
Are you sure you want to abandon this character and quit the game? (Confirm with "yes".)

##.##
#......w.s†...####.#
#.# #.###########.# #..
##g# #.# #.# #.. ##.#.#
#.# #######.####..
##.###.#### #.#
#...........#. #.##
##...# #.#
#.#####.#.....
##.###.##.# #.# ##.##
#.#...##
##.#.###.####<####...##
#.##### ##.##
#..g....@#.#.#.###.#
###
######.............#
###.#.#.#.#####
#......## #####.## ###


You could see a hobgoblin.

Vanquished Creatures
  3 adders (D:2)
  An ooze (D:1)
  2 dart slugs
  A leopard gecko (D:2)
  A giant cockroach (D:2)
  3 goblins
  3 hobgoblins
  2 jackals (D:1)
  A quokka (D:2)
  2 bats
  A frilled lizard (D:2)
  3 kobolds
23 creatures vanquished.

Notes
Turn   | Place    | Note
-------+----------+-------------------------------------------
     0 | D:1      | tidbits the Gnoll Skald began the quest for the Orb.
     0 | D:1      | Reached XP level 1. HP: 20/20 MP: 6/6
    61 | D:1      | Reached XP level 2. HP: 25/26 MP: 1/7
    65 | D:1      | Learned a level 2 spell: Song of Slaying
    68 | D:1      | Learned a level 2 spell: Shroud of Golubria
   322 | D:2      | Reached skill level 5 in Spellcasting
   322 | D:2      | Reached XP level 3. HP: 26/31 MP: 4/9
   327 | D:2      | Learned a level 3 spell: Regeneration
   332 | D:2      | Learned a level 3 spell: Spectral Weapon
   392 | D:2      | Reached skill level 1 in Invocations
   513 | D:2      | Reached skill level 1 in Short Blades
   513 | D:2      | Reached skill level 1 in Long Blades
   513 | D:2      | Reached skill level 1 in Maces & Flails
   513 | D:2      | Reached skill level 1 in Polearms
   513 | D:2      | Reached skill level 1 in Staves
   513 | D:2      | Reached skill level 1 in Slings
   513 | D:2      | Reached skill level 1 in Bows
   513 | D:2      | Reached skill level 1 in Crossbows
   513 | D:2      | Reached skill level 1 in Throwing
   513 | D:2      | Reached skill level 1 in Stealth
   513 | D:2      | Reached skill level 1 in Shields
   513 | D:2      | Reached skill level 1 in Unarmed Combat
   513 | D:2      | Reached skill level 1 in Evocations
   532 | D:2      | Reached XP level 4. HP: 25/38 MP: 7/11
   767 | D:2      | Quit the game

Vault maps used:
D:1:      dpeg_arrival_fog, roderic_serpentine_path

Skill      XL: |  1  2  3 |
---------------+----------+-----
Spellcasting   | 5 |  5.0
Invocations    | 1 |  1.1
Short Blades   | 1 |  1.0
Long Blades    | 1 |  1.0
Maces & Flails | 1 |  1.0
Polearms       | 1 |  1.0
Staves         | 1 |  1.0
Slings         | 1 |  1.0
Bows           | 1 |  1.0
Crossbows      | 1 |  1.0
Throwing       | 1 |  1.0
Stealth        | 1 |  1.0
Shields        | 1 |  1.0
Unarmed Combat | 1 |  1.0
Evocations     | 1 |  1.0
Fighting       | |  4.6
Axes           | |  4.6
Armour         | |  2.7
Dodging        | |  4.6
Conjurations   | |  0.7
Hexes          | |  0.7
Charms         | |  5.4
Summonings     | |  0.7
Necromancy     | |  0.7
Translocations | |  0.7
Transmutations | |  0.7
Fire Magic     | |  0.7
Ice Magic      | |  0.7
Air Magic      | |  0.7
Earth Magic    | |  0.7
Poison Magic   | |  0.7

Action                   |  1- 3 |  4- 6 || total
-------------------------+-------+-------++-------
Melee: Hand axe          |    60 |     1 ||    61
       Bite              |     6 |       ||     6
 Cast: Infusion          |     6 |       ||     6
       Spectral Weapon   |     3 |       ||     3
       Song of Slaying   |     1 |     1 ||     2
       Regeneration      |     1 |       ||     1
       Shroud of Golubri |     1 |       ||     1
  Use: Scroll            |     2 |       ||     2
Armor: Leather armour    |    13 |       ||    13
Dodge: Dodged            |    43 |     1 ||    44

Table legend:
 A = Spawn XP
 B = Non-spawn XP
 C = Spawn XP percentage of total XP
 D = Spawn monster count
 E = Non-spawn monster count
 F = Spawn count percentage of total count
 G = Total turns spent on level
                    A         B        C        D         E        F      G
               +---------+---------+-------+---------+---------+-------+---------
         Total |       0 |      85 |   0.0 |       0 |      23 |   0.0 |   767
               +---------+---------+-------+---------+---------+-------+---------
           D:1 |       0 |      23 |   0.0 |       0 |       9 |   0.0 |   312
           D:2 |       0 |      62 |   0.0 |       0 |      14 |   0.0 |   455
               +---------+---------+-------+---------+---------+-------+---------

Table legend:
 A = Turns spent in this place as a percentage of turns spent in the entire game.
 B = Non-inter-level travel turns spent in this place as a percentage of non-inter-level travel turns spent in the entire game.
 C = Inter-level travel turns spent in this place as a percentage of turns spent in this place.
 D = Turns resting spent in this place as a percentage of non-inter-level travel turns spent in this place.
 E = Turns spent auto-exploring this place as a percentage of non-inter-level travel turns spent in this place.
 F = Non-inter-level travel turns spent in this place divided by the number of levels of this place that you've seen.
                   A       B       C       D       E      F
               +-------+-------+-------+-------+-------+----------------------
         Total | 100.0 | 100.0 |   0.0 |   0.0 |   0.0 | 383.5
       Dungeon | 100.0 | 100.0 |   0.0 |   0.0 |   0.0 | 383.5
               +-------+-------+-------+-------+-------+----------------------

Table legend:
 A = Kills in this place as a percentage of kills in entire the game.
 B = Kills by you in this place as a percentage of kills by you in the entire game.
 C = Kills by friends in this place as a percentage of kills by friends in the entire game.
 D = Other kills in this place as a percentage of other kills in the entire game.
 E = Experience gained in this place as a percentage of experience gained in the entire game.
 F = Experience gained in this place divided by the number of levels of this place that you have seen.
                   A       B       C       D       E      F
               +-------+-------+-------+-------+-------+----------------------
         Total | 100.0 | 100.0 |   N/A |   N/A | 100.0 |  42.5
       Dungeon | 100.0 | 100.0 |   N/A |   N/A | 100.0 |  42.5
               +-------+-------+-------+-------+-------+----------------------

Vault maps used:
D:1:      dpeg_arrival_fog, roderic_serpentine_path
